 Dungeon Crawl Stone Soup version 0.16-a0-4048-g245e628 (webtiles) character file.

44 timbw the Caller (level 3, -5/14 HPs)
             Began as a Felid Summoner on Feb 19, 2015.
             Was an Initiate of Sif Muna.
             Slain by a killer bee (7 damage)
             ... on level 4 of the Dungeon.
             The game lasted 00:05:06 (1088 turns).

timbw the Caller (Felid Summoner)                   Turns: 1088, Time: 00:05:07

Health: -5/14      AC:  1    Str:  4    XL:     3   Next: 39%
Magic:  8/8        EV: 18    Int: 17    God:    Sif Muna [......]
Gold:   62         SH:  0    Dex: 16    Spells: 3 memorised, 0 levels left
                                        Lives:  0   Deaths: 0

rFire  . . .     SeeInvis +     (weapon unavailable)
rCold  . . .     Clarity  .     (armour unavailable)
rNeg   . . .     SustAb   .     (shield unavailable)
rPois  .         Gourm    .     (helmet unavailable)
rElec  .         Spirit   .     (cloak unavailable)
rCorr  .         Warding  .     (gloves unavailable)
rMut   .         Stasis   .     (boots unavailable)
MR     .....                    (no amulet)
Stlth  +++.......               (no ring)
                                (no ring)

@: lethally poisoned (-5 -> -18), quick, not resistant to hostile enchantments,
fairly stealthy
A: paw claws, no armour, no weapons or thrown items, fangs 3, see invisible,
carnivore 3, speed 1, shaggy fur 1, slow metabolism 1, sharp paws
a: Renounce Religion


You were on level 4 of the Dungeon.
You worshipped Sif Muna.
Sif Muna was noncommittal.
You were very full.

You visited 1 branch of the dungeon, and saw 4 of its levels.

You collected 62 gold pieces.

Inventory:

Scrolls
 a - 2 scrolls of fog {unknown}
 d - a scroll of random uselessness {unknown}
 h - 2 scrolls of identify {unknown}
 j - a scroll of blinking {unknown}
 o - a scroll of remove curse {unknown}
Potions
 e - 2 potions of agility {unknown}
 f - a potion of restore abilities {unknown}
 g - 2 potions of brilliance {unknown}
 i - a potion of cure mutation {unknown}
 m - a potion of haste {unknown}
 n - a potion of resistance {unknown}
Books
 b - a book of Callings

   Spells                             Type                      Level
   a - Summon Small Mammal            Summoning                    1
   b - Call Imp                       Summoning                    2
   c - Call Canine Familiar           Summoning                    3
   d - Summon Guardian Golem          Hexes/Summoning              4
   e - Summon Lightning Spire         Summoning/Air                4
   f - Summon Ice Beast               Ice/Summoning                4
Comestibles
 c - a meat ration
 k - 2 chunks of flesh
 l - a beef jerky


   Skills:
 - Level 2.6 Dodging
 - Level 2.6 Stealth
 - Level 2.0 Spellcasting
 + Level 5.2 Summonings


You couldn't memorise any spells.
You knew the following spells:

 Your Spells              Type           Power        Failure   Level  Hunger
a - Summon Small Mammal   Summ           ###.         2%          1    #......
b - Call Imp              Summ           ###.....     3%          2    ###....
c - Call Canine Familiar  Summ           ###.....     10%         3    ###....


Dungeon Overview and Level Annotations

Branches:
Dungeon (4/15)
 Temple: D:4-7

Altars:
Elyvilon
Nemelex Xobeh
Sif Muna


Innate Abilities, Weirdness & Mutations

You cannot wear armour.
You are incapable of wielding weapons or throwing items.
You have razor-sharp teeth.
You have supernaturally acute eyesight.
You are carnivorous and can eat meat at any time.
You cover ground quickly.
You are covered in fur (AC +1).
You have a slow metabolism.
Your paws have sharp claws that are effective at stabbing.


Message History

There is a stone staircase leading down here.
You climb downwards.
You hear the sound of rushing water.
There is an entrance to a sewer on this level.
Hurry and find it before the portal rusts away! 6 killer bees and a hobgoblin come into view.
The killer bee buzzes angrily.
The hobgoblin shouts!
The killer bee buzzes angrily. x3
Found a helmet.
There is a stone staircase leading up here.
Read which item? (? for menu, Esc to quit)
Okay, then.
Drink which item? (? for menu, Esc to quit)
Okay, then.
The killer bee stings you. x2
* * * LOW HITPOINT WARNING * * *
You are lethally poisoned!
The killer bee poisons you! The killer bee barely misses you.
The killer bee stings you!
Ouch! That really hurt!
You die...

# .# .# .#
.# .# ##.#
###..#####
#yy@.....#
+..yy....#.#
##..y..#.#
#y.#..# #
#..#..#
......[ #+#
#g## ... #.#


You could see 6 killer bees and a hobgoblin.

Vanquished Creatures
  A hobgoblin (D:3)
  A kobold (D:2)
  A giant newt (D:2)
3 creatures vanquished.

Vanquished Creatures (collateral kills)
  Terence (D:2)
  An adder (D:2)
  2 worms
  3 orcs (D:3)
  2 ball pythons
  2 bats
  A giant cockroach (D:1)
  6 hobgoblins
  A giant newt (D:3)
  4 goblins
  A kobold (D:2)
  2 quokkas (D:3)
  6 rats (D:1)
32 creatures vanquished.

Vanquished Creatures (others)
  6 bats
  3 quokkas
  4 rats
13 creatures vanquished.

Grand Total: 48 creatures vanquished

Notes
Turn   | Place    | Note
--------------------------------------------------------------
     0 | D:1      | timbw, the Felid Summoner, began the quest for the Orb.
     0 | D:1      | Reached XP level 1. HP: 7/7 MP: 4/4
   211 | D:1      | Reached XP level 2. HP: 6/11 MP: 0/5
   219 | D:1      | Learned a level 2 spell: Call Imp
   271 | D:2      | Noticed Terence
   509 | D:2      | Killed Terence
   677 | D:2      | Reached skill level 5 in Summonings
   677 | D:2      | Reached XP level 3. HP: 14/14 MP: 1/8
   682 | D:2      | Learned a level 3 spell: Call Canine Familiar
   761 | D:3      | Found a sparkling altar of Nemelex Xobeh.
   761 | D:3      | Found a white marble altar of Elyvilon.
  1033 | D:3      | Found a deep blue altar of Sif Muna.
  1044 | D:3      | Became a worshipper of Sif Muna the Loreminder
  1088 | D:4      | Slain by a killer bee

Action                   || total
-------------------------++-------
Melee: Unarmed           ||    20
 Cast: Summon Small Mamm ||    22
       Call Imp          ||    13
       Call Canine Famil ||     3
 Stab: Sleeping          ||     2
  Eat: Chunk             ||     8
